AAA EAST
TOLEDO MUD HENS @ SCRANTON WB RAILRIDERS
06/01/2042
 
TOP OF THE 1ST
Toledo Mud Hens batting - Pitching for Scranton WB RailRiders : RHP Esteban Benítez
Pitching: RHP Esteban Benítez
Batting: LHB Jon Bray 0-0: Ball
1-0: Foul Ball, location: 2F
1-1: DOUBLE (Line Drive, 5D, EV 100.0 MPH)
Batting: LHB José García 0-0: Called Strike
0-1: Ball
1-1: Ball
2-1: Ground out U3 (Groundball, 34S, EV 63.1 MPH)
Jon Bray to third
Batting: RHB Tache Grigore 0-0: Ball
1-0: Called Strike
1-1: Ground out 6-3 (Groundball, 6, EV 85.6 MPH)
Jon Bray scores
Batting: LHB Omar Padilla 0-0: Ball
1-0: Foul Ball, location: 25FF
1-1: Fly out, F9 (Line Drive, 9S, EV 94.4 MPH)
Top of the 1st over - 1 run, 1 hit, 0 errors, 0 left on base; Toledo 1 - Scranton WB 0
BOTTOM OF THE 1ST
Scranton WB RailRiders batting - Pitching for Toledo Mud Hens : LHP António Salas
Pitching: LHP António Salas
Batting: RHB Sacco Blok 0-0: Ball
1-0: SINGLE (Line Drive, 4MD, EV 98.8 MPH)
Batting: RHB Walt Gardner 0-0: Called Strike
0-1: Ball
1-1: Fielders Choice at 2nd, 2-4 (Groundball, 2L, EV 64.4 MPH)
Batting: SHB Rodrigo López 0-0: Ball
1-0: SINGLE (Flyball, 89S, EV 97.5 MPH)
Walt Gardner to second
Runner from 2nd tries for 3rd, SAFE, throw by CF made to third
Batting: LHB Josh Jones 0-0: Ball
1-0: Called Strike
1-1: Called Strike
1-2: Grounds into double play, 6-4-3 (Groundball, 6MD, EV 104.4 MPH)
Bottom of the 1st over - 0 runs, 2 hits, 0 errors, 1 left on base; Toledo 1 - Scranton WB 0
TOP OF THE 2ND
Toledo Mud Hens batting - Pitching for Scranton WB RailRiders : RHP Esteban Benítez
Batting: LHB Bob Mundarain 0-0: Ball
1-0: Ball
2-0: Ball
3-0: Base on Balls
Batting: SHB Loc Dang 0-0: Ball
1-0: Ball
2-0: Bunted foul
2-1: Bunted foul
2-2: Ball
3-2: Foul Ball, location: 2F
3-2: Fly out, F8 (Flyball, 8LD, EV 103.8 MPH)
Batting: RHB Norm Nelson 0-0: Called Strike
0-1: Foul Ball, location: 7LSFF
0-2: Strikes out swinging
Batting: SHB Luis Alemán 0-0: Fly out, F8 (Flyball, 8LM, EV 98.1 MPH)
Top of the 2nd over - 0 runs, 0 hits, 0 errors, 1 left on base; Toledo 1 - Scranton WB 0
BOTTOM OF THE 2ND
Scranton WB RailRiders batting - Pitching for Toledo Mud Hens : LHP António Salas
Batting: RHB Alex Willis 0-0: Called Strike
0-1: Fly out, F7 (Line Drive, 78M, EV 110.0 MPH)
Batting: LHB Spike Robbins 0-0: Ball
1-0: Foul Ball, location: 7LSF
1-1: Swinging Strike
1-2: Ball
2-2: Foul Ball, location: 3F
2-2: Foul Ball, location: 7LDF
2-2: Ball
3-2: Strikes out swinging
Batting: RHB Dave Bennett 0-0: Foul Ball, location: 2F
0-1: Swinging Strike
0-2: Ball
1-2: Ground out 6-3 (Groundball, 6, EV 91.3 MPH)
Bottom of the 2nd over - 0 runs, 0 hits, 0 errors, 0 left on base; Toledo 1 - Scranton WB 0
TOP OF THE 3RD
Toledo Mud Hens batting - Pitching for Scranton WB RailRiders : RHP Esteban Benítez
Batting: RHB Joe Smith 0-0: Foul Ball, location: 9LDF
0-1: Ground out 6-3 (Groundball, 6S, EV 90.6 MPH)
Batting: LHB Jon Bray 0-0: Ball
1-0: Called Strike
1-1: Called Strike
1-2: Foul Ball, location: 7LSF
1-2: Ball
2-2: Ground out 6-3 (Groundball, 6, EV 80.0 MPH)
Batting: LHB José García 0-0: Ball
1-0: Ball
2-0: Fly out, F8 (Flyball, 8RS, EV 79.4 MPH)
Top of the 3rd over - 0 runs, 0 hits, 0 errors, 0 left on base; Toledo 1 - Scranton WB 0
BOTTOM OF THE 3RD
Scranton WB RailRiders batting - Pitching for Toledo Mud Hens : LHP António Salas
Batting: RHB Jim Unknown 0-0: Ball
1-0: Called Strike
1-1: Foul Ball, location: 23FF
1-2: Strikes out swinging
Batting: RHB Jim Unknown 0-0: Ball
1-0: Foul Ball, location: 9LDF
1-1: Ball
2-1: Ball
3-1: Foul Ball, location: 5F
3-2: Ground out 4-3 (Groundball, 4, EV 89.4 MPH)
Batting: RHB Sacco Blok 0-0: Fly out, F8 (Flyball, 8RM, EV 89.4 MPH)
Bottom of the 3rd over - 0 runs, 0 hits, 0 errors, 0 left on base; Toledo 1 - Scranton WB 0
TOP OF THE 4TH
Toledo Mud Hens batting - Pitching for Scranton WB RailRiders : RHP Esteban Benítez
Batting: RHB Tache Grigore 0-0: Swinging Strike
0-1: Foul Ball, location: 5F
0-2: Ball
1-2: SOLO HOME RUN (Flyball, 7D, EV 99.4 MPH), Distance : 376 ft
Batting: LHB Omar Padilla 0-0: Called Strike
0-1: Ball
1-1: Foul Ball, location: 7LSF
1-2: Ball
2-2: Foul Ball, location: 7LMF
2-2: Fly out, F3 (Line Drive, 34, EV 71.9 MPH)
Batting: LHB Bob Mundarain 0-0: Ball
1-0: Ground out 6-3 (Groundball, 6, EV 88.1 MPH)
Batting: SHB Loc Dang 0-0: Ball
1-0: Ball
2-0: Ground out U3 (Groundball, 3, EV 103.8 MPH)
Top of the 4th over - 1 run, 1 hit, 0 errors, 0 left on base; Toledo 2 - Scranton WB 0
BOTTOM OF THE 4TH
Scranton WB RailRiders batting - Pitching for Toledo Mud Hens : LHP António Salas
Batting: RHB Walt Gardner 0-0: Fly out, F8 (Flyball, 8RM, EV 93.8 MPH)
Batting: SHB Rodrigo López 0-0: Called Strike
0-1: Swinging Strike
0-2: Ball
1-2: Strikes out swinging
Batting: LHB Josh Jones 0-0: Fly out, F7 (Flyball, 7LMF, EV 95.0 MPH)
Bottom of the 4th over - 0 runs, 0 hits, 0 errors, 0 left on base; Toledo 2 - Scranton WB 0
TOP OF THE 5TH
Toledo Mud Hens batting - Pitching for Scranton WB RailRiders : RHP Esteban Benítez
Batting: RHB Norm Nelson 0-0: Ball
1-0: Called Strike
1-1: Ball
2-1: Ground out 5-3 (Groundball, 56, EV 91.9 MPH)
Batting: SHB Luis Alemán 0-0: Ball
1-0: Ball
2-0: SINGLE (Line Drive, 78S, EV 91.3 MPH)
Batting: RHB Joe Smith 0-0: SINGLE (Line Drive, 78S, EV 110.0 MPH)
Luis Alemán to second
Runner from 2nd tries for 3rd, SAFE, throw by LF made to third
Batting: LHB Jon Bray 0-0: Ball
1-0: Foul Ball, location: 2F
1-1: Called Strike
1-2: Ball
2-2: Foul Ball, location: 7LSF
2-2: TRIPLE (Line Drive, 9LD, EV 111.3 MPH)
Luis Alemán scores
Joe Smith scores
Batting: LHB José García 0-0: 2-RUN HOME RUN (Flyball, 89XD, EV 105.0 MPH), Distance : 406 ft
Pitching: RHP Marcus Pauw
Batting: RHB Tache Grigore 0-0: Ball
1-0: Ball
2-0: Called Strike
2-1: SINGLE (Flyball, 56D, EV 87.5 MPH)
Batting: LHB Omar Padilla 0-0: Foul Ball, location: 2F
0-1: Grounds into double play, 4-6-3 (Groundball, 4, EV 86.9 MPH)
Top of the 5th over - 4 runs, 5 hits, 0 errors, 0 left on base; Toledo 6 - Scranton WB 0
BOTTOM OF THE 5TH
Scranton WB RailRiders batting - Pitching for Toledo Mud Hens : LHP António Salas
Batting: RHB Alex Willis 0-0: Called Strike
0-1: Foul Ball, location: 3F
0-2: Ball
1-2: Foul Ball, location: 3F
1-2: Ball
2-2: Foul Ball, location: 5FF
2-2: DOUBLE (Flyball, 78D, EV 111.3 MPH)
Batting: LHB Spike Robbins 0-0: Ball
1-0: Ball
2-0: Ball
3-0: Called Strike
3-1: Base on Balls
Batting: RHB Dave Bennett 0-0: Ball
1-0: Called Strike
1-1: Ball
2-1: Swinging Strike
2-2: Foul Ball, location: 2F
2-2: Grounds into double play, 6-4-3 (Groundball, 6, EV 76.3 MPH)
Alex Willis to third
Batting: RHB Jim Unknown 0-0: Ball
1-0: Ball
2-0: Foul Ball, location: 9LDF
2-1: Swinging Strike
2-2: Ball
3-2: Ground out 5-3 (Groundball, 5, EV 88.1 MPH)
Bottom of the 5th over - 0 runs, 1 hit, 0 errors, 1 left on base; Toledo 6 - Scranton WB 0
TOP OF THE 6TH
Toledo Mud Hens batting - Pitching for Scranton WB RailRiders : RHP Marcus Pauw
Batting: LHB Bob Mundarain 0-0: Foul Ball, location: 2LF
0-1: Ball
1-1: Ball
2-1: Foul Ball, location: 7LDF
2-2: Ball
3-2: Foul Ball, location: 7LSF
3-2: Base on Balls
Batting: SHB Loc Dang 0-0: Ball
1-0: Swinging Strike
1-1: Ball
2-1: SINGLE (Groundball, 34S, EV 63.1 MPH) (infield hit)
Bob Mundarain to second
Batting: RHB Norm Nelson 0-0: Ball
1-0: Grounds into double play, 5-4-3 (Groundball, 56S, EV 88.1 MPH)
Bob Mundarain to third
Batting: SHB Luis Alemán 0-0: Ball
1-0: Fly out, F8 (Flyball, 8LM, EV 95.0 MPH)
Top of the 6th over - 0 runs, 1 hit, 0 errors, 1 left on base; Toledo 6 - Scranton WB 0
BOTTOM OF THE 6TH
Scranton WB RailRiders batting - Pitching for Toledo Mud Hens : LHP António Salas
Batting: RHB Jim Unknown 0-0: Called Strike
0-1: Ball
1-1: Called Strike
1-2: Foul Ball, location: 25FF
1-2: Strikes out swinging
Batting: RHB Sacco Blok 0-0: Ball
1-0: Ball
2-0: Ball
3-0: Called Strike
3-1: Fly out, F9 (Flyball, 9, EV 91.9 MPH)
Batting: RHB Walt Gardner 0-0: Ball
1-0: Fly out, F9 (Flyball, 9, EV 77.5 MPH)
Bottom of the 6th over - 0 runs, 0 hits, 0 errors, 0 left on base; Toledo 6 - Scranton WB 0
TOP OF THE 7TH
Toledo Mud Hens batting - Pitching for Scranton WB RailRiders : RHP Marcus Pauw
Batting: RHB Joe Smith 0-0: Called Strike
0-1: Swinging Strike
0-2: Foul Ball, location: 25F
0-2: Strikes out swinging
Batting: LHB Jon Bray 0-0: Foul Ball, location: 9LDF
0-1: Fly out, F9 (Line Drive, 89D, EV 91.3 MPH)
Batting: LHB José García 0-0: Fly out, F7 (Flyball, 7LS, EV 93.1 MPH)
Top of the 7th over - 0 runs, 0 hits, 0 errors, 0 left on base; Toledo 6 - Scranton WB 0
BOTTOM OF THE 7TH
Scranton WB RailRiders batting - Pitching for Toledo Mud Hens : LHP António Salas
Batting: SHB Rodrigo López 0-0: Called Strike
0-1: Ball
1-1: Ball
2-1: Ball
3-1: Foul Ball, location: 23F
3-2: SINGLE (Groundball, 4MD, EV 102.5 MPH)
Batting: LHB Josh Jones 0-0: Ball
1-0: Foul Ball, location: 2F
1-1: Ball
2-1: Foul Ball, location: 2F
2-2: Ball
3-2: Foul Ball, location: 9LMF
3-2: Foul Ball, location: 3SF
3-2: Base on Balls
Rodrigo López to second
Batting: RHB Alex Willis 0-0: Lines into TRIPLE play, 8-4-3 (Line Drive, 8LM, EV 99.4 MPH)
Bottom of the 7th over - 0 runs, 1 hit, 0 errors, 0 left on base; Toledo 6 - Scranton WB 0
TOP OF THE 8TH
Toledo Mud Hens batting - Pitching for Scranton WB RailRiders : RHP Marcus Pauw
Batting: RHB Tache Grigore 0-0: Foul Ball, location: 2F
0-1: Called Strike
0-2: Ball
1-2: Ball
2-2: SINGLE (Groundball, 13S, EV 68.1 MPH) (infield hit)
Batting: LHB Omar Padilla 0-0: Called Strike
0-1: Called Strike
0-2: Ball
1-2: Fielders Choice at 2nd, 1-6 (Groundball, 34S, EV 65.0 MPH)
Batting: LHB Bob Mundarain 0-0: SINGLE (Line Drive, 8LS, EV 99.4 MPH)
Omar Padilla to second
Batting: SHB Loc Dang 0-0: Fly out, F9 (Line Drive, 9, EV 100.0 MPH)
Batting: RHB Norm Nelson 0-0: Called Strike
0-1: Called Strike
0-2: Foul Ball, location: 2F
0-2: Ball
1-2: Foul Ball, location: 2F
1-2: Fly out, F7 (Flyball, 7, EV 99.4 MPH)
Top of the 8th over - 0 runs, 2 hits, 0 errors, 2 left on base; Toledo 6 - Scranton WB 0
BOTTOM OF THE 8TH
Scranton WB RailRiders batting - Pitching for Toledo Mud Hens : LHP António Salas
Batting: LHB Spike Robbins 0-0: Called Strike
0-1: Foul Ball, location: 2F
0-2: Foul Ball, location: 5SF
0-2: Foul Ball, location: 2F
0-2: Ball
1-2: Ball
2-2: Strikes out looking
Batting: RHB Dave Bennett 0-0: Ground out 6-3 (Groundball, 6, EV 86.3 MPH)
Batting: RHB Jim Unknown 0-0: Swinging Strike
0-1: Ball
1-1: Foul Ball, location: 9LDF
1-2: Fly out, F9 (Flyball, 9, EV 80.0 MPH)
Bottom of the 8th over - 0 runs, 0 hits, 0 errors, 0 left on base; Toledo 6 - Scranton WB 0
TOP OF THE 9TH
Toledo Mud Hens batting - Pitching for Scranton WB RailRiders : RHP Marcus Pauw
Batting: SHB Luis Alemán 0-0: Ball
1-0: Ball
2-0: SINGLE (Groundball, 34S, EV 67.5 MPH) (infield hit)
Batting: RHB Joe Smith 0-0: Ball
1-0: Called Strike
1-1: Grounds into double play, 5-4-3 (Groundball, 56, EV 83.8 MPH)
Batting: LHB Jon Bray 0-0: Ball
1-0: Ball
2-0: Called Strike
2-1: Foul Ball, location: 7LSF
2-2: Fly out, F8 (Flyball, 8RXD, EV 110.6 MPH)
Top of the 9th over - 0 runs, 1 hit, 0 errors, 0 left on base; Toledo 6 - Scranton WB 0
BOTTOM OF THE 9TH
Scranton WB RailRiders batting - Pitching for Toledo Mud Hens : LHP António Salas
Batting: RHB Jim Unknown 0-0: Ball
1-0: Swinging Strike
1-1: SINGLE (Groundball, 34D, EV 102.5 MPH)
Batting: RHB Sacco Blok 0-0: Ball
1-0: Ball
2-0: Ball
3-0: Fly out, F8 (Flyball, 8LD, EV 107.5 MPH)
Batting: RHB Walt Gardner 0-0: Hit by Pitch
Jim Unknown to second
Batting: SHB Rodrigo López 0-0: Ball
1-0: Ball
2-0: Called Strike
2-1: Foul Ball, location: 9LDF
2-2: Foul Ball, location: 2F
2-2: 3-RUN HOME RUN (Flyball, 7D, EV 100.0 MPH), Distance : 378 ft
Batting: LHB Josh Jones 0-0: Foul Ball, location: 7LSF
0-1: Swinging Strike
0-2: Ball
1-2: Fly out, F9 (Flyball, 89S, EV 86.9 MPH)
Pitching: LHP Cisco Rodríguez
Batting: RHB Alex Willis 0-0: Ground out 5-3 (Groundball, 56, EV 89.4 MPH)
Bottom of the 9th over - 3 runs, 2 hits, 0 errors, 0 left on base; Toledo 6 - Scranton WB 3
Wednesday, May 1st , 2024 - OOTP Baseball 24.10 Build 82